 Dungeon Crawl Stone Soup version 0.30-a0-722-g3e6e8c874d (webtiles) character file.

Game seed: 7447989849036542211

555 Arximoufas the Chopper (level 7, 0/55 HPs)
             Began as a Demonspawn Fighter on Jan 28, 2023.
             Slain by a killer bee (6 damage)
             ... on level 4 of the Dungeon.
             The game lasted 00:05:10 (3350 turns).

Arximoufas the Chopper (Demonspawn Fighter)         Turns: 3350, Time: 00:05:10

Health: 0/55       AC: 12    Str: 19    XL:     7   Next: 8%
Magic:  7/7        EV:  5    Int:  9    God:
Gold:   211        SH: 10    Dex: 12    Spells: 6/6 levels left

rFire   . . .      SeeInvis .    a - +0 war axe
rCold   . . .      Faith    .    c - +0 buckler
rNeg    . . .      Spirit   .    z - +0 plate armour
rPois   .          Reflect  .    (helmet restricted)
rElec   .          Harm     .    (no cloak)
rCorr   +          Rampage  .    (no gloves)
Will    .....                    y - +0 pair of boots Stlth
                                 r - amulet of the acrobat
HPRegen 0.29/turn                q - ring of flight
MPRegen 0.10/turn                u - ring of resist corrosion

@: lethally poisoned (0 -> -10), flying
A: horns 2, large bone plates 2, demonic guardian 1
a: no special abilities


You were on level 4 of the Dungeon.
You visited 1 branch of the dungeon, and saw 5 of its levels.

You collected 211 gold pieces.

Inventory:

Hand Weapons
 a - a +0 war axe (weapon)
Missiles
 v - a throwing net (quivered)
Armour
 c - a +0 buckler (worn)
 y - a +0 pair of boots (worn)
 z - a +0 plate armour (worn)
Jewellery
 k - a ring of fire
 q - a ring of flight (left hand)
 r - an amulet of the acrobat (around neck)
 u - a ring of resist corrosion (right hand)
 w - a +5 ring of evasion
Scrolls
 e - 2 scrolls of fog {unknown}
 f - a scroll of noise {unknown}
 g - 3 scrolls of teleportation {unknown}
 h - a scroll of enchant armour {unknown}
 m - 8 scrolls of identify {unknown}
 p - a scroll of magic mapping {unknown}
Potions
 d - 2 potions of might
 i - 2 potions of curing {unknown}
 j - a potion of mutation {unknown}
 l - a potion of lignification {unknown}
 n - a potion of resistance {unknown}
 o - 2 potions of attraction {unknown}
 s - a potion of heal wounds {unknown}
 t - a potion of invisibility {unknown}
 x - a potion of brilliance {unknown}


   Skills:
 + Level 4.5 Fighting
 * Level 5.9 Axes
 - Level 2.6 Armour
 + Level 3.6 Shields


You had 6 spell levels left.
You didn't know any spells.
Your spell library contained the following spells:

 Spells                   Type           Power      Damage    Failure   Level
 Tukima's Dance           Hex            0%         N/A       100%        3
 Passage of Golubria      Tloc           0%         N/A       100%        4
 Yara's Violent Unravell  Hex/Tmut       0%         3d3       100%        5


Dungeon Overview and Level Annotations

Branches:
Dungeon (5/15)
 Temple: D:4-7

Altars:
Ru
Trog


Innate Abilities, Weirdness & Mutations

You have a pair of horns on your head.
You are mostly covered in large bone plates. (SH +6)
A weak demonic guardian rushes to your aid.


Message History

You block the killer bee's attack.
You miss the killer bee. Your headbutt misses the killer bee.
The killer bee is lightly wounded.
You completely miss the killer bee. You hit the killer bee.
You feel sick. You block the killer bee's attack.
The killer bee closely misses you. The killer bee stings you.
You are more poisoned.
The killer bee poisons you!
The killer bee stings you but does no damage. x3
You closely miss the killer bee. Your headbutt misses the killer bee.
The killer bee is lightly wounded.
You miss the killer bee. You completely miss the killer bee.
You feel very sick. You block the killer bee's attack. x3
The killer bee stings you but does no damage. x2
The killer bee barely misses you. The killer bee stings you.
You are more poisoned.
The killer bee poisons you!
The killer bee stings you but does no damage. x2
You closely miss the killer bee.
The killer bee is lightly wounded.
You hit the killer bee. You closely miss the killer bee.
You feel very sick. You block the killer bee's attack. x2
The killer bee stings you but does no damage.
You block the killer bee's attack.
The killer bee stings you but does no damage. x2
You miss the killer bee.
The killer bee is lightly wounded.
You miss the killer bee. x2
You feel very sick.
The killer bee stings you but does no damage.
The killer bee stings you.
* * * LOW HITPOINT WARNING * * *
You block the killer bee's attack. The killer bee stings you!
* * * LOW HITPOINT WARNING * * *
A demonic guardian appears!
The killer bee stings you but does no damage. x2
The killer bee stings you.
You die...

#.# #.# ##.# #.#
#.########.# #.#
#..รท...)...# #.#
##########.# #.#
#.# #.##### #..
#.#...# #####
#..yy.# #....
###@)5# #.###
##y## ##.## #.#
######.#.## #.#
#.....###.. #.#
#.##...#... #.#
##.##....... #.#
#........... #.#
#..##.......
#.####..##.......


You could see 3 killer bees and a friendly iron imp (summoned).

Vanquished Creatures
  A water moccasin (D:4)
  A black bear (D:4)
  3 scorpions (D:4)
  Robin (D:3)
  3 gnolls (D:2)
  5 adders
  A worm (D:2)
  5 dart slugs
  An orc (D:4)
  4 ball pythons
  6 endoplasms
  3 giant cockroaches
  7 hobgoblins
  10 jackals
  7 kobolds
  5 quokkas
  7 bats
  4 frilled lizards
  11 goblins
  2 rats
87 creatures vanquished.

Vanquished Creatures (others)
  A demonic plant (D:2)
  3 fungi (D:2)
4 creatures vanquished.

Grand Total: 91 creatures vanquished

Notes
Turn   | Place    | Note
-------+----------+-------------------------------------------
     0 | D:1      | Arximoufas the Demonspawn Fighter began the quest for the
                  | Orb.
     0 | D:1      | Reached XP level 1. HP: 18/18 MP: 1/1
    31 | D:1      | Reached skill level 2 in Axes
    70 | D:1      | Gained mutation: You are partially covered in large bone
                  | plates. (SH +4) [demonic ancestry]
    70 | D:1      | Reached XP level 2. HP: 18/24 MP: 2/2
   456 | D:1      | Reached skill level 3 in Axes
   541 | D:1      | Reached XP level 3. HP: 29/29 MP: 3/3
   778 | D:2      | Found a faded altar of an unknown god.
  1042 | D:2      | Gained mutation: You have a pair of small horns on your
                  | head. [demonic ancestry]
  1042 | D:2      | Reached XP level 4. HP: 31/35 MP: 4/4
  1072 | D:2      | Reached skill level 4 in Axes
  1962 | D:3      | Gained mutation: You are mostly covered in large bone
                  | plates. (SH +6) [demonic ancestry]
  1962 | D:3      | Reached XP level 5. HP: 30/41 MP: 5/5
  2120 | D:3      | Noticed Robin
  2130 | D:3      | Killed Robin
  2306 | D:4      | Found a sacrificial altar of Ru.
  2333 | D:4      | Noticed a water moccasin
  2354 | D:4      | Killed a water moccasin
  2355 | D:4      | Reached skill level 5 in Axes
  2355 | D:4      | Gained mutation: You have a pair of horns on your head.
                  | [demonic ancestry]
  2355 | D:4      | Reached XP level 6. HP: 23/48 MP: 6/6
  2845 | D:4      | Found a bloodstained altar of Trog.
  2950 | D:4      | Gained mutation: A weak demonic guardian rushes to your
                  | aid. [demonic ancestry]
  2950 | D:4      | Reached XP level 7. HP: 55/55 MP: 7/7
  3340 | D:5      | Entered Level 5 of the Dungeon
  3350 | D:4      | Slain by a killer bee

Illustrated notes

Levels and vault maps discovered:
D:1:      lightli_arrival_chessboard, layout_basic, minmay_tetromino_l4
D:2:      layout_basic, shapermc_ecumenical_altar_gd
D:3:      layout_basic, uniq_robin
D:4:      layout_loops_ring, amcnicky_altar_gilded,
          mainiacjoe_overflow_concentric_impassable, kennysheep_generic_room_12
D:5:      layout_cave_pools, nicolae_qazlal_eye_of_the_storm, okawaru_trees_2

Skill      XL: |  1  2  3  4  5  6 |
---------------+-------------------+-----
Axes           | 2 3 4 5 |  5.9
Shields        | 3 |  3.6
Fighting       | 4 |  4.5
Armour         | |  2.6

Action                     |  1- 3 |  4- 6 |  7- 9 || total
---------------------------+-------+-------+-------++-------
  Melee: War axe           |   100 |   137 |    11 ||   248
         Headbutt          |       |    20 |       ||    20
 Armour: Scale mail        |    52 |    25 |       ||    77
         Plate armour      |       |    39 |    22 ||    61
  Dodge: Dodged            |    50 |    52 |     6 ||   108
  Block: Buckler           |    53 |    81 |    19 ||   153

Table legend: (Time is in decaauts)
 A = Elapsed time spent in this place.
 B = Non-inter-level travel time spent in this place.
 C = Inter-level travel time spent in this place.
 D = Time resting spent in this place.
 E = Time spent auto-exploring this place.
 F = Levels seen in this place.
 G = Mean time per level.
                   A        B        C        D        E       F      G
               +--------+--------+--------+--------+--------+-----+--------+
         Total |   3432 |   3257 |    175 |    202 |   2444 |   5 |  686.4 |
       Dungeon |   3432 |   3257 |    175 |    202 |   2444 |   5 |  686.4 |
               +--------+--------+--------+--------+--------+-----+--------+

Top non-repeatable levels by time:
     D:4: 1071 daAuts
     D:3: 928 daAuts
     D:2: 824 daAuts
     D:1: 604 daAuts
     D:5: 3 daAuts
